 Dungeon Crawl Stone Soup version 0.31-a0-489-g282fc92437 (webtiles) character file.

Game seed: 12278776897366123327

26 Ethylacetat the Cutter (level 3, -3/25 HPs)
             Began as an Octopode Gladiator on Aug 8, 2023.
             Slain by a hobgoblin
             ... wielding a +0 club
              (6 damage)
             ... on level 2 of the Dungeon.
             The game lasted 00:01:13 (708 turns).

Ethylacetat the Cutter (Octopode Gladiator)          Turns: 708, Time: 00:01:13

Health: -3/25      AC:  1    Str: 13    XL:     3   Next: 8%
Magic:  3/3        EV: 14    Int: 10    God:
Gold:   27         SH:  0    Dex: 15    Spells: 2/2 levels left

rFire   . . .        a - +0 rapier
rCold   . . .        (no shield)
rNeg    . . .        b - +0 hat
rPois   .            (no amulet)
rElec   .            (no ring)
rCorr   .            (no ring)
SInv    .            (no ring)
Will    .....        (no ring)
Stlth   ++           (no ring)
HPRegen 0.24/turn    (no ring)
MPRegen 0.08/turn    (no ring)
                     (no ring)

%: no passive effects
@: no status effects
A: almost no armour, amphibious, 8 rings, camouflage 1, gelatinous body 1,
(nimble swimmer 1), tentacles
a: no special abilities


You were on level 2 of the Dungeon.
You visited 1 branch of the dungeon, and saw 2 of its levels.

You collected 27 gold pieces.

Inventory:

Hand Weapons
 a - a +0 rapier (weapon)
Missiles
 c - 3 throwing nets (quivered)
 d - a javelin
Armour
 b - a +0 hat (worn)
Talismans
 e - a serpent talisman
Scrolls
 f - a scroll of identify {unknown}
Potions
 h - a potion of resistance {unknown}


   Skills:
 + Level 2.7 Fighting
 - Level 3.3 Short Blades
 - Level 2.0 Throwing
 - Level 3.0 Dodging
 * Level 0.9 Shapeshifting


You had 2 spell levels left.
You didn't know any spells.
Your spell library contained the following spells:

 Spells                   Type           Power      Damage    Failure   Level
 Ensorcelled Hibernation  Hex/Ice        0%         N/A       50%         2
 Passwall                 Tmut/Erth      0%         N/A       50%         2
 Swiftness                Air            0%         N/A       75%         3


Dungeon Overview and Level Annotations

Branches:
Dungeon (2/15)

Altars:


Innate Abilities, Weirdness & Mutations

You cannot wear most types of armour.
You are amphibious.
You can wear up to eight rings at the same time.
Your skin changes colour to match your surroundings (Stealth+).
Your rubbery body absorbs attacks. (AC +1, EV +1)
((You are camouflaged when in or above water. (Stealth+)))
You have tentacles for arms and can constrict up to eight enemies at once.


Message History

The hobgoblin shouts!
You hear an angry hiss.
An adder comes into view.
There are monsters nearby!
Found 14 gold pieces.
Found an escape hatch in the floor.
There are monsters nearby!
The adder barely misses you. The hobgoblin hits you with a +0 club.
You completely miss the adder. Your grab misses the adder. The adder bites you.
The adder closely misses you. The hobgoblin hits you with a +0 club.
You are too injured to fight recklessly!
You are too injured to fight recklessly!
You are too injured to fight recklessly!
You hit the adder. Your grab misses the adder. Your squeeze misses the adder.
The adder is moderately wounded.
The adder closely misses you. The hobgoblin barely misses you.
You hit the adder. Your grab misses the adder. Your squeeze misses the adder.
The adder is severely wounded.
The adder closely misses you. The hobgoblin barely misses you.
The adder bites you.
You barely miss the adder. Your grab misses the adder.
The adder is severely wounded.
The adder barely misses you. The hobgoblin hits you with a +0 club!
* * * LOW HITPOINT WARNING * * *
It was a potion of heal wounds.
You feel much better. The adder bites you.
The hobgoblin hits you with a +0 club.
You miss the adder. Your grab misses the adder.
The adder is severely wounded.
The adder barely misses you. The hobgoblin hits you with a +0 club.
You closely miss the adder. Your grab misses the adder.
Your squeeze misses the adder.
The adder is severely wounded.
The adder bites you.
* * * LOW HITPOINT WARNING * * *
The adder bites you.
* * * LOW HITPOINT WARNING * * *
The hobgoblin closely misses you.
Okay, then.
You hit the adder.
You kill the adder!
The hobgoblin hits you with a +0 club.
You die...

####.#... ######
#...#... ###
#$.>.# ##.###...
..##....#.# #..#
#...
.......#.#####.##
#...
#.....#.##..).#
#...
#....#.##.####
#...
#.†.g#.##.###
#...
#..@.#......#
#...
####..##..#.#
#... #..#..##.#
#### #.>..## #
##.### #.# #.#
#^# #.#


You could see a hobgoblin.

Vanquished Creatures
  An adder (D:2)
  3 dart slugs (D:1)
  A ball python (D:1)
  3 giant cockroaches
  3 hobgoblins (D:1)
  3 kobolds
  A quokka (D:1)
  2 bats
  2 goblins (D:1)
19 creatures vanquished.

Notes
Turn   | Place    | Note
-------+----------+-------------------------------------------
     0 | D:1      | Ethylacetat the Octopode Gladiator began the quest for the
                  | Orb.
     0 | D:1      | Reached XP level 1. HP: 14/14 MP: 1/1
   112 | D:1      | Reached XP level 2. HP: 18/20 MP: 2/2
   141 | D:1      | Found a faded altar of an unknown god.
   573 | D:2      | Reached XP level 3. HP: 25/25 MP: 3/3
   704 | D:2      | HP: 1/25 [hobgoblin/+0 club (8)]
   708 | D:2      | Slain by a hobgoblin

Illustrated notes

Levels and vault maps discovered:
D:1:      minmay_arrival_doors, layout_basic,
          hellmonk_ecumenical_altar_crossroads
D:2:      layout_basic

Action                     || total
---------------------------++-------
  Melee: Rapier            ||    36
         Constrict         ||     8
         Tentacles         ||     5
    Use: Potion            ||     1
   Stab: Sleeping          ||     5
 Armour: Skin              ||     2
  Dodge: Dodged            ||    21

Table legend: (Time is in decaauts)
 A = Elapsed time spent in this place.
 B = Non-inter-level travel time spent in this place.
 C = Inter-level travel time spent in this place.
 D = Time resting spent in this place.
 E = Time spent auto-exploring this place.
 F = Levels seen in this place.
 G = Mean time per level.
                   A        B        C        D        E       F      G
               +--------+--------+--------+--------+--------+-----+--------+
         Total |    709 |    708 |      1 |      0 |    585 |   2 |  354.5 |
       Dungeon |    709 |    708 |      1 |      0 |    585 |   2 |  354.5 |
               +--------+--------+--------+--------+--------+-----+--------+

Top non-repeatable levels by time:
     D:1: 572 daAuts
     D:2: 137 daAuts
